 Dungeon Crawl Stone Soup version 0.21.1-1-g345015fe64 (webtiles) character file.

463 Beodren the Cudgeler (level 6, -17/56 HPs)
             Began as a Minotaur Fighter on Apr 22, 2018.
             Demolished by an orc warrior
             ... wielding a +0 halberd
              (22 damage)
             ... on level 5 of the Dungeon.
             The game lasted 00:12:26 (3192 turns).

Beodren the Cudgeler (Minotaur Fighter)             Turns: 3192, Time: 00:12:26

Health: -17/56     AC: 10    Str: 22    XL:     6   Next: 79%
Magic:  5/5        EV:  6    Int:  5    God:
Gold:   167        SH: 11    Dex: 10    Spells: 5/5 levels left

rFire    . . .     SeeInvis .   g - +2 morningstar
rCold    . . .     Gourm    .   c - +1 shield
rNeg     . . .     Faith    .   o - +0 chain mail
rPois    .         Spirit   .   (helmet restricted)
rElec    .         Reflect  .   n - +0 cloak
rCorr    .         Harm     .   (no gloves)
MR       .....                  (no boots)
Stlth    ..........             (no amulet)
HPRegen  0.18/turn              h - ring of stealth
MPRegen  0.09/turn              (no ring)

@: no status effects
A: retaliatory headbutt, horns 2
a: no special abilities


You were on level 5 of the Dungeon.
You were not hungry.

You visited 1 branch of the dungeon, and saw 5 of its levels.

You collected 167 gold pieces.

Inventory:

Hand Weapons
 a - a +0 flail
 g - a +2 morningstar (weapon)
Armour
 b - a +0 scale mail
 c - a +1 shield (worn)
 n - a +0 cloak (worn)
 o - a +0 chain mail (worn)
Jewellery
 h - a ring of stealth (left hand)
Scrolls
 i - a scroll of immolation {unknown}
 l - 3 scrolls of identify
 m - a scroll of teleportation
Potions
 d - a potion of might
 e - 4 potions of brilliance
 j - a potion of curing
 k - a potion of degeneration {unknown}
 p - 2 potions of flight
Comestibles
 f - 6 rations


   Skills:
 * Level 5.4 Fighting
 * Level 6.4 Maces & Flails
 + Level 4.5 Armour
 - Level 0.4 Dodging
 + Level 0.1 Stealth
 + Level 5.0 Shields


You had 5 spell levels left.
You didn't know any spells.

Dungeon Overview and Level Annotations

Branches:
Dungeon (5/15)
 Temple: D:4-7

Altars:
Trog


Innate Abilities, Weirdness & Mutations

You reflexively headbutt those who attack you in melee.
You have a pair of horns on your head.


Message History

Your Shields skill increases to level 5!
The orc warrior hits you from afar with a halberd.
Your chain mail prevents you from hitting the orc.
You block the orc's attack. The orc warrior barely misses you.
You puncture the orc!
You kill the orc!
The orc warrior hits you from afar with a halberd!
* * * LOW HITPOINT WARNING * * *
You block the orc warrior's attack.
Items here: )) [ † a war axe; a dagger; a robe; an orc corpse You closely miss the orc warrior.
The orc warrior hits you but does no damage.
You closely miss the orc warrior. Your headbutt misses the orc warrior.
The orc warrior hits you but does no damage.
You completely miss the orc warrior. You block the orc warrior's attack.
You sock the orc warrior! You headbutt the orc warrior.
The orc warrior is heavily wounded.
The orc warrior hits you with a halberd!!
You die...

.............# ..##
.............##...
................#
..............≈§#####
..............≈##⌠#⌠##
..# #.........≈#≈≈≈§≈#
..# #.#.......≈#§.§§§##
..# #.#..#....§#≈...≈⌠#
..# #.#.##.#...'@o_.≈#
..###...##....≈#≈...≈⌠#
....#..####...≈#≈...≈##
..#.#.## #...§#≈≈≈≈≈#
#.....## #...≈##⌠#⌠##
###..<.# #.#.≈≈ ####
#.#..## #.#### #
#.....###.# #
#..#...#..##


You could see an orc warrior.

Vanquished Creatures
  A crimson imp (D:5)
  3 orc wizards
  Natasha (twice) (D:2)
  An iguana (D:4)
  3 worker ants (D:4)
  A gnoll (D:1)
  7 adders
  An adder zombie (D:5)
  4 worms
  2 dart slugs
  3 leopard geckos
  6 orcs
  7 giant cockroaches
  9 goblins
  12 hobgoblins
  2 jackals (D:1)
  6 kobolds
  5 quokkas
  A ball python (D:1)
  10 bats
  7 frilled lizards
  A giant cockroach zombie (D:2)
  A leopard gecko zombie (D:3)
  4 rats
99 creatures vanquished.

Notes
Turn   | Place    | Note
-------+----------+-------------------------------------------
     0 | D:1      | Beodren the Minotaur Fighter began the quest for the Orb.
     0 | D:1      | Reached XP level 1. HP: 19/19 MP: 0/0
    83 | D:1      | Reached XP level 2. HP: 16/27 MP: 1/1
   162 | D:1      | Reached XP level 3. HP: 18/33 MP: 2/2
   257 | D:1      | Reached skill level 3 in Maces & Flails
  1166 | D:2      | Reached XP level 4. HP: 40/41 MP: 3/3
  1456 | D:2      | Reached skill level 4 in Maces & Flails
  1501 | D:2      | Noticed Natasha
  1510 | D:2      | Killed Natasha
  1537 | D:2      | Reached XP level 5. HP: 36/47 MP: 4/4
  1542 | D:2      | Noticed Natasha
  1551 | D:2      | Killed Natasha
  1849 | D:3      | Reached skill level 5 in Fighting
  1879 | D:3      | Reached skill level 5 in Maces & Flails
  2012 | D:3      | Reached XP level 6. HP: 47/56 MP: 5/5
  2815 | D:4      | Reached skill level 6 in Maces & Flails
  3088 | D:5      | Entered Level 5 of the Dungeon
  3179 | D:5      | Found a bloodstained altar of Trog.
  3179 | D:5      | Noticed an orc warrior
  3185 | D:5      | Reached skill level 5 in Shields
  3192 | D:5      | Demolished by an orc warrior

Skill      XL: |  1  2  3  4  5  6 |
---------------+-------------------+-----
Fighting       | 4 5 |  5.4
Shields        | 4 5 |  5.0
Maces & Flails | 3 4 5 6 |  6.4
Armour         | 4 |  4.5
Dodging        | |  0.4
Stealth        | |  0.1

Action                   |  1- 3 |  4- 6 || total
-------------------------+-------+-------++-------
Melee: Flail             |    93 |    79 ||   172
       Headbutt          |    11 |    21 ||    32
       Morningstar       |       |   102 ||   102
  Use: Scroll            |       |     8 ||     8
       Potion            |       |     2 ||     2
  Eat: Chunk             |     1 |     3 ||     4
       Ration            |       |     1 ||     1
Armor: Scale mail        |    59 |    12 ||    71
       Chain mail        |       |    35 ||    35
Dodge: Dodged            |    36 |    47 ||    83
Block: Shield            |    68 |    95 ||   163
